 Dungeon Crawl Stone Soup version 0.19-a0-1216-g363869b (webtiles) character file.

2044 cortexin the Nimble (level 9, -6/68 HPs)
             Began as a Demonspawn Gladiator on Aug 23, 2016.
             Mangled by 2tc's ghost (15 damage)
             ... on level 7 of the Dungeon.
             The game lasted 00:23:40 (7128 turns).

cortexin the Nimble (Demonspawn Gladiator)          Turns: 7128, Time: 00:23:40

Health: -6/68      AC: 13    Str: 18    XL:     9   Next: 4%
Magic:  9/9        EV: 19    Int: 14    God:
Gold:   493        SH:  0    Dex: 21    Spells: 0 memorised, 8 levels left

rFire  . . .     SeeInvis .     F - +1 dagger "Wuotehih" {venom, Dex+5} (curse)
rCold  . . .     Gourm    .     G - +3 leather armour
rNeg   . . .     Faith    .     (no shield)
rPois  .         Spirit   .     j - +2 helmet {Int+3}
rElec  .         Dismiss  .     v - +0 cloak
rCorr  .         Reflect  .     (no gloves)
MR     .....     Harm     +     (no boots)
Stlth  ++........               D - amulet of harm
                                i - +1 ring of protection
                                N - +3 ring of strength

@: no status effects
A: iridescent scales 1, demonic guardian 1, powered by death 2
a: no special abilities


You were on level 7 of the Dungeon.
You were not hungry.

You visited 2 branches of the dungeon, and saw 8 of its levels.
You also visited: Ossuary.

You collected 493 gold pieces.

Inventory:

Hand Weapons
 a - a +0 long sword
 e - a +2 dagger of electrocution
 g - a +2 short sword of draining
 F - the cursed +1 dagger "Wuotehih" (weapon) {venom, Dex+5}
   (You found it on level 5 of the Dungeon)

   It poisons the flesh of those it strikes.
   It affects your dexterity (+5).
   It has a curse placed upon it.
 H - the +7 dagger "Nepasmeva" {pierce, *Drain +Blink Str-2 Dex+5}
   (You found it on level 5 of the Dungeon)

   It inflicts extra damage upon your enemies.
   It affects your strength (-2).
   It affects your dexterity (+5).
   It lets you blink.
   It causes draining when unequipped.
Missiles
 d - 4 throwing nets
 m - 89 stones (quivered)
 E - 5 tomahawks
Armour
 b - a +0 leather armour
 c - a +0 helmet
 j - a +2 helmet of intelligence (worn)
 v - a +0 cloak (worn)
 G - a +3 leather armour (worn)
Jewellery
 h - an uncursed ring of positive energy
 i - a +1 ring of protection (right hand)
 D - an amulet of harm (around neck)
 N - a +3 ring of strength (left hand)
Wands
 y - a wand of disintegration (14/24)
 C - a wand of polymorph (17/24)
 I - a wand of polymorph (9/24)
 K - a wand of random effects (5/48)
Scrolls
 k - 3 scrolls of recharging
 n - 4 scrolls of teleportation {unknown}
 o - a scroll of fear
 p - a scroll of magic mapping
 r - a scroll of blinking {unknown}
 s - a scroll of identify
 t - 3 scrolls of fog {unknown}
 w - a scroll of enchant weapon {unknown}
 x - 2 scrolls of enchant armour {unknown}
 L - a scroll of amnesia {unknown}
Potions
 u - a potion of resistance
 z - a potion of invisibility
 A - a potion of mutation {unknown}
 J - a potion of curing
Comestibles
 f - 5 bread rations
 l - 3 meat rations
 q - a beef jerky
 B - a royal jelly
 M - 7 chunks of flesh


   Skills:
 + Level 5.5 Fighting
 * Level 4.8 Long Blades
 - Level 1.7 Throwing
 - Level 0.6 Armour
 + Level 8.9 Dodging
 - Level 2.1 Stealth


You had 8 spell levels left.
You didn't know any spells.

Dungeon Overview and Level Annotations

Branches:
Dungeon (7/15)             Temple (1/1) D:4

Altars:
Cheibriados
Dithmenos
Elyvilon
Fedhas
Gozag
Hepliaklqana
Kikubaaqudgha
Nemelex Xobeh
Qazlal
Ru
Sif Muna
Trog
Vehumet
Xom
Yredelemnul
Zin
The Shining One

Annotations:
D:7 2tc's ghost, novice DsGl


Innate Abilities, Weirdness & Mutations

You are partially covered in iridescent scales. (AC +2)
A weak demonic guardian rushes to your aid.
You regenerate health from kills.


Message History

Found a stone staircase leading up. 2tc's ghost hits you!
* * * LOW HITPOINT WARNING * * *
Found a leather armour.
Found 17 sling bullets. 2tc's ghost shrieks, "They lied to you.
The Dungeon just goes down and down forever." 2tc's ghost hits you.
* * * LOW HITPOINT WARNING * * *
Found 20 bolts and a ring mail. 2tc's ghost hits you.
* * * LOW HITPOINT WARNING * * *
Your ufetubus hits 2tc's ghost but does no damage.
Your ufetubus closely misses 2tc's ghost.
There is a stone staircase leading up here.
You aren't carrying or standing over any spellbooks. 2tc's ghost closely misses you.
Your ufetubus closely misses 2tc's ghost.
Your ufetubus hits 2tc's ghost but does no damage. 2tc's ghost hits you!
You die...

# #####.####
#####........####
................####
#####....[...##....##
..###........##.(...##
.............#.......#
.......5.5...#..[....#
...##......5....5....#
..#####..#####.W@...#*
.## #..## #.......# .#
#.## #.......# .#
**#.** #......(#
.#**,..>* ##.....##
...,..,,* ##..[##
###.,,,,* #####
****,,,,* ,,,,*****


You could see 2tc's ghost, 2 friendly iron imps and a friendly ufetubus.

Vanquished Creatures
  An orc warrior (D:5)
  A sky beast (D:6)
  2 centaurs (D:6)
  3 ogres
  A crocodile (D:5)
  A giant frog (D:6)
  A scorpion (D:5)
  3 howler monkeys
  A crimson imp (D:7)
  A centaur zombie (Ossuary)
  2 human zombies (Ossuary)
  A centaur skeleton (D:4)
  A giant frog skeleton (D:7)
  A quasit (D:7)
  12 orc priests
  4 orc wizards
  2 worker ants (D:4)
  A big kobold zombie (Ossuary)
  3 mummies
  Robin (D:2)
  6 adders
  2 oozes (D:1)
  3 adder zombies
  A worm (D:2)
  2 dart slugs (D:1)
  5 giant geckos
  11 orcs
  A ball python (D:2)
  9 bats
  6 giant cockroaches
  28 goblins
  9 hobgoblins
  25 jackals
  6 kobolds
  5 quokkas
  6 giant newts
  3 goblin zombies (Ossuary)
  12 hobgoblin zombies
  11 kobold zombies
  7 orc zombies (Ossuary)
  A rat (D:1)
202 creatures vanquished.

Vanquished Creatures (collateral kills)
  A centaur (D:5)
  2 giant frogs
  2 orc priests
  An orc wizard (D:7)
  A worker ant zombie (D:7)
  5 orcs
  3 jackals (D:5)
15 creatures vanquished.

Vanquished Creatures (others)
  An orc (D:7)
1 creature vanquished.

Grand Total: 218 creatures vanquished

Notes
Turn   | Place    | Note
-------+----------+-------------------------------------------
     0 | D:1      | cortexin the Demonspawn Gladiator began the quest for the Orb.
     0 | D:1      | Reached XP level 1. HP: 16/16 MP: 1/1
   150 | D:1      | Reached skill level 3 in Dodging
   171 | D:1      | Gained mutation: A weak demonic guardian rushes to your aid. [demonic ancestry]
   171 | D:1      | Reached XP level 2. HP: 21/22 MP: 2/2
   487 | D:1      | Gained mutation: You are partially covered in iridescent scales. (AC +2) [demonic ancestry]
   487 | D:1      | Reached XP level 3. HP: 23/27 MP: 3/3
   938 | D:2      | Found a white marble altar of Elyvilon.
  1247 | D:2      | Reached XP level 4. HP: 25/34 MP: 4/4
  1618 | D:2      | Reached skill level 4 in Dodging
  2233 | D:2      | Noticed Robin
  2240 | D:2      | Killed Robin
  2409 | D:3      | Gained mutation: You regenerate a little health from kills. [demonic ancestry]
  2409 | D:3      | Reached XP level 5. HP: 38/39 MP: 5/5
  2567 | D:3      | Reached skill level 5 in Dodging
  2897 | D:4      | Reached XP level 6. HP: 47/47 MP: 6/6
  3027 | D:4      | Reached skill level 6 in Dodging
  3033 | D:4      | Reached XP level 7. HP: 35/53 MP: 7/7
  3391 | D:4      | Found a staircase to the Ecumenical Temple.
  3406 | Temple   | Entered the Ecumenical Temple
  3833 | D:5      | Entered Level 5 of the Dungeon
  3847 | D:5      | Reached skill level 7 in Dodging
  3866 | D:5      | Got a steaming dagger
  3867 | D:5      | Identified the +7 dagger "Nepasmeva" {pierce, *Drain +Blink Str-2 Dex+5} (You found it on level 5 of the Dungeon)
  3890 | D:5      | Got a brightly glowing leather armour
  3901 | D:5      | Identified the cursed +1 leather armour of Nuschea {Dex+4 Stlth-} (You found it on level 5 of the Dungeon)
  3952 | D:5      | Got a translucent dagger
  3990 | D:5      | Identified the cursed +1 dagger "Wuotehih" {venom, Dex+5} (You found it on level 5 of the Dungeon)
  4108 | D:5      | Found a basalt altar of Yredelemnul.
  4120 | D:5      | Reached skill level 1 in Stealth
  4187 | D:5      | Found an opulent altar of Gozag.
  4311 | D:5      | Reached XP level 8. HP: 27/61 MP: 8/8
  4870 | D:6      | Reached skill level 5 in Fighting
  4908 | D:6      | Found a stormy altar of Qazlal.
  4994 | D:6      | You fall through a shaft!
  5000 | D:7      | Reached skill level 8 in Dodging
  5056 | D:7      | Noticed 2tc's ghost (novice DsGl)
  5090 | D:7      | Found a sand-covered staircase.
  5255 | Ossuary  | Entered an ossuary
  6960 | D:7      | Gained mutation: You regenerate health from kills. [demonic ancestry]
  6960 | D:7      | Reached XP level 9. HP: 32/68 MP: 9/9
  7128 | D:7      | Mangled by 2tc's ghost

Vault maps used:
D:1:      mrwooster_arrival_statue, st_stairs_14, dk_noncrumbling_2,
          interstate_on_off, hangedman_feature_mirror, kennysheep_flooded_box,
          minmay_pentomino_t2
D:2:      kennysheep_goblin_castle, lemuel_doored_altar,
          kennysheep_generic_room_6
D:3:      minmay_crystal_water
D:4:      first_bread
D:5:      nicolae_overflow_hidden_temple
D:6:      grunt_qazlal_sundering
D:7:      nicolae_ossuary_entry_giza, columned_hall_lemuel
Temple:   nicolae_temple_figure_eight
Ossuary:  ossuary_tomb_1

Skill      XL: |  1  2  3  4  5  6  7  8 |
---------------+-------------------------+-----
Dodging        | 3 4 5 6 7 8 |  8.9
Long Blades    | 3 4 |  4.8
Fighting       | 3 4 5 |  5.5
Stealth        | 1 2 |  2.1
Throwing       | |  1.7
Armour         | |  0.6

Action                   |  1- 3 |  4- 6 |  7- 9 || total
-------------------------+-------+-------+-------++-------
Melee: Dagger            |   126 |   178 |   524 ||   828
       Long sword        |     8 |       |       ||     8
       Short sword       |       |    11 |    41 ||    52
Throw: Stone             |     3 |     8 |     4 ||    15
Evoke: Wand              |       |       |     8 ||     8
  Use: Scroll            |       |     6 |     3 ||     9
       Potion            |       |     3 |     4 ||     7
 Stab: Invisible         |       |       |     3 ||     3
       Sleeping          |       |       |     3 ||     3
  Eat: Chunk             |     1 |     6 |     9 ||    16
       Meat ration       |       |       |     1 ||     1
Armor: Leather armour    |    34 |    69 |   150 ||   253
       Skin              |       |       |    10 ||    10
Dodge: Dodged            |   105 |   156 |   528 ||   789
